 Dungeon Crawl Stone Soup version 0.30-a0-373-gd37427bb62 (webtiles) character file.

Game seed: 2718376585267360145

34 sanka the Ruffian (level 3, 0/29 HPs)
             Began as a Demigod Reaver on Nov 23, 2022.
             Slain by a frilled lizard (1 damage)
             ... on level 1 of the Dungeon.
             The game lasted 00:01:20 (709 turns).

sanka the Ruffian (Demigod Reaver)                   Turns: 709, Time: 00:01:20

Health: 0/29       AC:  3    Str: 13    XL:     3   Next: 1%
Magic:  8/8        EV: 11    Int: 19    God:
Gold:   33         SH:  0    Dex: 12    Spells: 4/5 levels left

rFire   . . .      SeeInvis .      - Unarmed
rCold   . . .      Faith    .    (no shield)
rNeg    . . .      Spirit   .    a - +0 leather armour
rPois   .          Reflect  .    (no helmet)
rElec   .          Harm     .    (no cloak)
rCorr   .          Rampage  .    (no gloves)
Will    .....                    (no boots)
Stlth   +.........               (no amulet)
HPRegen 0.24/turn                (no ring)
MPRegen 0.11/turn                (no ring)

@: no status effects
A: high MP 1, forlorn, divine attributes
a: no special abilities


You were on level 1 of the Dungeon.
You visited 1 branch of the dungeon, and saw 2 of its levels.

You collected 33 gold pieces.


Innate Abilities, Weirdness & Mutations

You have an increased reservoir of magic. (+10% MP)
You shall have no god before yourself.
Your divine heritage dramatically boosts your attributes as you level up.


   Skills:
 - Level 1.7 Fighting
 - Level 1.7 Dodging
 + Level 3.9 Unarmed Combat
 - Level 1.7 Spellcasting
 - Level 2.6 Conjurations


You had 4 spell levels left.
You knew the following spells:

 Your Spells              Type           Power      Damage    Failure   Level
y - Kiss of Death         Conj/Necr      24%        2d7       13%         1

Your spell library contained the following spells:

 Spells                   Type           Power      Damage    Failure   Level
 Momentum Strike          Conj/Tloc      12%        3d8       19%         2
 Hailstorm                Conj/Ice       6%         3d4       36%         3
 Ozocubu's Armour         Ice            1%         N/A       54%         3
 Ozocubu's Refrigeration  Ice            0%         4d7       100%        7

Inventory:

Armour
 a - a +0 leather armour (worn)
Scrolls
 b - 2 scrolls of poison {unknown}
 c - a scroll of amnesia {unknown}
 d - a scroll of teleportation {unknown}
 e - a scroll of torment {unknown}

Dungeon Overview and Level Annotations

Branches:
Dungeon (2/15)

▒▒▒▒▒▒▒▒▒ ▒.......▒ .
▒.......▒▒▒ .
▒▒...!.....▒ .....
▒..........▒▒▒ .....
▒............. ....
▒.....)l..£▒ ...
▒.....p.w..▒▒▒▒ ▒.
▒▒............. ▒.
▒▒▒▒▒▒...▒▒▒▒▒.▒▒▒▒▒▒.
▒▒...............
▒▒▒.▒▒▒▒▒▒▒.....†
▒...▒ ▒▒▒▒>.▒ ▒.▒▒▒
▒▒.▒ ▒▒▒▒▒▒.▒▒▒ ...
▒.....)..▒ .▒▒▒


You could see a dart slug and a frilled lizard.


Message History

The kobold hits you with a +0 club.
* * * LOW HITPOINT WARNING * * *
The dart slug launches a dart at you. The slug dart hits you.
* * * LOW HITPOINT WARNING * * *
You barely miss the kobold.
The kobold is heavily wounded.
The kobold hits you with a +0 club.
* * * LOW HITPOINT WARNING * * *
The frilled lizard bites you but does no damage.
Unknown command.
You closely miss the kobold.
The kobold is heavily wounded.
The kobold misses you. The frilled lizard closely misses you.
Unknown command.
You hit the kobold.
You kill the kobold!
The frilled lizard bites you.
* * * LOW HITPOINT WARNING * * *
You have reached level 3!
Your experience leads to a dramatic increase in your attributes!
Increase (s)trength, (i)ntelligence, or (d)exterity?
You feel clever.
You feel clever.
You feel clever.
You feel clever.
You barely miss the frilled lizard. The frilled lizard bites you.
You die...

Action                   || total
-------------------------++-------
Melee: Unarmed           ||   113
       Punch             ||     2
  Use: Scroll            ||     1
       Potion            ||     1
Armor: Leather armour    ||    52
Dodge: Dodged            ||    82

Levels and vault maps discovered:
D:1:      dpeg_arrival_rhombus, layout_rooms
D:2:      layout_basic, shapermc_ecumenical_altar_mp_urbaneastern

Notes
Turn   | Place    | Note
-------+----------+-------------------------------------------
     0 | D:1      | sanka the Demigod Reaver began the quest for the Orb.
     0 | D:1      | Reached XP level 1. HP: 17/17 MP: 5/5
    43 | D:1      | Reached skill level 3 in Unarmed Combat
   204 | D:2      | Reached XP level 2. HP: 7/24 MP: 7/7
   208 | D:2      | HP: 2/24 [poisoned by an adder]
   708 | D:1      | HP: 1/24 [frilled lizard (3)]
   709 | D:1      | Reached XP level 3. HP: 1/29 MP: 8/8
   709 | D:1      | Slain by a frilled lizard

Vanquished Creatures
  An adder (D:2)
  A dart slug (D:1)
  2 ball pythons (D:1)
  2 giant cockroaches (D:1)
  A hobgoblin (D:2)
  4 bats (D:1)
  A frilled lizard (D:1)
  4 goblins (D:1)
  5 kobolds
  A rat (D:2)
22 creatures vanquished.
